 Dungeon Crawl Stone Soup version 0.18.1-1-g2f07953 (webtiles) character file.

166 Danakh the Skirmisher (level 5, -2/42 HPs)
             Began as a Demonspawn Fighter on May 18, 2016.
             Slain by an orc
             ... wielding a +0 hand axe
              (3 damage)
             ... on level 4 of the Dungeon.
             The game lasted 00:06:21 (2538 turns).

Danakh the Skirmisher (Demonspawn Fighter)          Turns: 2538, Time: 00:06:21

Health: -2/42      AC:  4    Str: 16    XL:     5   Next: 22%
Magic:  0/5        EV:  7    Int: 10    God:
Gold:   89         SH:  9    Dex: 13    Spells: 0 memorised, 4 levels left

rFire  . . .     SeeInvis .     a - +0 war axe
rCold  . . .     Gourm    .     r - -2 scale mail (curse)
rNeg   . . .     Faith    .     c - +0 shield
rPois  .         Spirit   +     (no helmet)
rElec  .         Dismiss  .     (no cloak)
rCorr  .         Reflect  .     (no gloves)
SustAt .         Harm     .     (no boots)
MR     .....                    (no amulet)
Stlth  ..........               (no ring)
                                (no ring)

@: not resistant to hostile enchantments, extremely unstealthy
A: magic shield, magic regeneration
a: no special abilities


You were on level 4 of the Dungeon.
You were not hungry.

You visited 1 branch of the dungeon, and saw 4 of its levels.

You collected 89 gold pieces.

Inventory:

Hand Weapons
 a - a +0 war axe (weapon)
Armour
 b - a +0 scale mail
 c - a +0 shield (worn)
 r - a cursed -2 scale mail (worn)
Scrolls
 i - 3 scrolls of recharging {unknown}
 j - 2 scrolls of immolation {unknown}
 n - a scroll of identify {unknown}
 o - a scroll of blinking {unknown}
 p - 4 scrolls of remove curse {unknown}
 t - a scroll of random uselessness {unknown}
 u - a scroll of enchant armour {unknown}
Potions
 d - 2 potions of might
 e - a potion of curing {unknown}
 h - a potion of degeneration {unknown}
 k - a potion of lignification {unknown}
 m - a potion of flight {unknown}
 q - 2 potions of berserk rage {unknown}
 s - a potion of agility {unknown}
Comestibles
 f - 3 bread rations
 g - 2 beef jerkies
 l - 2 meat rations


   Skills:
 + Level 3.9 Fighting
 * Level 3.1 Axes
 + Level 3.3 Armour
 + Level 3.5 Shields


You had 4 spell levels left.
You didn't know any spells.

Dungeon Overview and Level Annotations

Branches:
Dungeon (4/15)
 Temple: D:4-7

Altars:
Elyvilon
Fedhas

Annotations:
D:3 Sigmund


Innate Abilities, Weirdness & Mutations

When hurt, damage is shared between your health and your magic reserves.
You regenerate magic rapidly.


Message History

You closely miss the quokka.
The quokka is heavily wounded.
You barely miss the orc. The quokka closely misses you.
The orc hits you with a hand axe.
* * * LOW HITPOINT WARNING * * *
The quokka bites you but does no damage.
Unknown command.
You closely miss the quokka.
The quokka is heavily wounded.
You hit the orc but do no damage.
You feel less confused. You block the orc's attack.
You block the quokka's attack. The quokka closely misses you.
The orc hits you with a hand axe.
Unknown command.
You slash the quokka!
You kill the quokka!
You closely miss the orc. The orc barely misses you.
Unknown command.
You barely miss the orc. The orc hits you with a hand axe.
You die...

#.# #.## ...##
#...# #... ##
#.. . #.#####.#
#. #@o.....#
#####.##<#######
........>#
####..#.## #.
#.# # #.# #.#
#.# #.#


You could see an orc.

Vanquished Creatures
  7 adders
  A worm (D:2)
  4 dart slugs
  4 giant geckos
  6 orcs
  4 bats
  2 giant cockroaches (D:1)
  12 goblins
  10 hobgoblins
  10 jackals (D:1)
  A quokka (D:4)
  A giant newt (D:3)
  7 kobolds
  4 rats
  A bush (D:2)
  A plant (D:2)
75 creatures vanquished.

Notes
Turn   | Place    | Note
--------------------------------------------------------------
     0 | D:1      | Danakh the Demonspawn Fighter began the quest for the Orb.
     0 | D:1      | Reached XP level 1. HP: 18/18 MP: 1/1
   101 | D:1      | Gained mutation: When hurt, damage is shared between your health and your magic reserves. [demonic ancestry]
   101 | D:1      | Reached XP level 2. HP: 5/24 MP: 2/2
   116 | D:1      | HP: 1/24 [jackal (1)]
   132 | D:1      | HP: 1/24 [hobgoblin/club (1)]
   636 | D:1      | Gained mutation: You regenerate magic rapidly. [demonic ancestry]
   636 | D:1      | Reached XP level 3. HP: 29/29 MP: 3/3
  1235 | D:2      | Reached XP level 4. HP: 25/36 MP: 4/4
  1282 | D:2      | Found a blossoming altar of Fedhas.
  1645 | D:2      | Found a white marble altar of Elyvilon.
  2094 | D:3      | Reached XP level 5. HP: 26/42 MP: 5/5
  2217 | D:3      | You fall through a shaft!
  2525 | D:3      | Noticed Sigmund
  2533 | D:4      | HP: 2/42 [fell downstairs (1)]
  2538 | D:4      | Slain by an orc

Skill      XL: |  1  2  3  4 |
---------------+-------------+-----
Axes           | 2 3 |  3.1
Shields        | 3 |  3.5
Armour         | 3 |  3.3
Fighting       | |  3.9

Action                   |  1- 3 |  4- 6 || total
-------------------------+-------+-------++-------
Melee: War axe           |   104 |   224 ||   328
  Eat: Chunk             |       |     6 ||     6
Armor: Scale mail        |    60 |    65 ||   125
Dodge: Dodged            |    33 |    45 ||    78
Block: Shield            |    66 |    67 ||   133
